AoeStats
← Belgianwafflelegend69

Nomad

503408821Analyzed
4v4 RM · 1mo ago on Aug 31, 2026· 40m 12s· 8 players
Game mode
Random Map
Map size
231×231
Population
200
Speed
Normal
Resources
Standard
Victory
Conquest
Starting age
Dark Age
Ending age
Imperial Age
RankedLock teamsTeams togetherTeam positionsShared explorationLock speedFull tech treeHidden civsTurbo modeCheats
Victory
Defeat
🇺🇸 Armenians · United States
1090
+15
🇨🇴 Malay · Colombia
1062
+17
🇸🇪 Spanish · Sweden
1024
+18
985
+20
🇭🇰 Huns · Hong Kong SAR China
1085
-18
🇭🇰 Vietnamese · Hong Kong SAR China
1078
-18
🇭🇰 Spanish · Hong Kong SAR China
1078
-18
🇭🇰 Japanese · Hong Kong SAR China
1067
-17
BayofDeath1
9:48 Loom
15:54 Feudal Age
17:32 Double-Bit Axe
18:45 Gold Mining
20:10 Fletching
23:23 Stone Mining
23:24 Fishing Lines
26:20 Castle Age
26:02 Wheelbarrow
27:24 Medium Warships
27:10 Demolition Ship
28:17 Bow Saw
28:43 Gold Shaft Mining
34:19 Gillnets
39:09 Man-at-Arms
The Outpost Man
4:22 Loom
15:47 Feudal Age
20:55 Stone Mining
22:53 Double-Bit Axe
25:47 Castle Age
23:45 Fishing Lines
24:09 Double-Bit Axe
25:31 Gold Mining
27:48 Wheelbarrow
32:46 Bow Saw
36:06 Bloodlines
35:56 Gillnets
36:47 Husbandry
40:11 Padded Archer Armor
Rogfin
5:24 Loom
13:23 Feudal Age
13:37 Double-Bit Axe
14:38 Wheelbarrow
16:24 Fishing Lines
17:40 Man-at-Arms
23:04 Castle Age
21:22 Fletching
22:20 Forging
22:39 Gillnets
24:36 Iron Casting
25:52 Scale Barding Armor
27:10 Husbandry
27:47 Medium Warships
29:54 Gold Mining
33:02 Hand Cart
37:24 Bow Saw
38:50 Arson
39:06 Squires
Belgianwafflelegend69
5:31 Loom
11:20 Double-Bit Axe
15:29 Feudal Age
15:08 Wheelbarrow
15:20 Horse Collar
15:49 Gold Mining
16:37 Bow Saw
16:38 Heavy Plow
18:05 Town Watch
19:59 Hand Cart
22:24 Forging
23:37 Scale Barding Armor
27:48 Castle Age
27:40 Gold Shaft Mining
30:00 Iron Casting
29:47 Cavalier
30:27 Husbandry
32:50 Stone Mining
34:03 Two-Man Saw
34:23 Chain Barding Armor
hungchiu
3:35 Loom
15:14 Feudal Age
16:59 Fishing Lines
25:31 Castle Age
23:41 Stone Mining
23:44 Gold Mining
23:46 Stone Mining
27:30 Medium Warships
28:00 Gillnets
33:16 Double-Bit Axe
34:46 Wheelbarrow
34:44 Town Watch
36:20 Fletching
36:30 Padded Archer Armor
Pak
11:12 Loom
16:27 Feudal Age
YOYO
14:50 Feudal Age
17:00 Man-at-Arms
25:45 Castle Age
24:21 Double-Bit Axe
26:31 Pikeman
kwanmartin91
5:29 Loom
15:07 Feudal Age
20:04 Castle Age
19:44 Scale Barding Armor
19:56 Bloodlines
25:03 Chain Barding Armor
26:34 Double-Bit Axe
34:43 Husbandry
Connection lost

Rejoining the realm…

Still unreachable

The connection could not be restored.

Session expired

The server has moved on; the page needs a fresh start.